 Dungeon Crawl Stone Soup version 0.28.0-53-g5a82cb258f (webtiles) character file.

Game seed: 1602834838399087548

67 Godmorgon the Skirmisher (level 4, -3/40 HPs)
             Began as a Minotaur Fighter on Aug 14, 2022.
             Slain by Sigmund
             ... wielding a +1 scythe of venom
              (5 damage)
             ... on level 3 of the Dungeon on Aug 15, 2022.
             The game lasted 00:02:52 (2320 turns).

Godmorgon the Skirmisher (Minotaur Fighter)         Turns: 2320, Time: 00:02:53

Health: -3/40      AC:  6    Str: 22    XL:     4   Next: 0%
Magic:  3/3        EV:  9    Int:  5    God:
Gold:   73         SH:  4    Dex: 10    Spells: 3/3 levels left

rFire   . . .      SeeInvis .   a - +0 flail
rCold   . . .      Faith    .   c - +0 buckler
rNeg    . . .      Spirit   .   b - +0 scale mail
rPois   .          Reflect  .   (helmet restricted)
rElec   .          Harm     .   (no cloak)
rCorr   .          Rampage  .   (no gloves)
Will    .....                   (no boots)
Stlth   ..........              (no amulet)
HPRegen 0.13/turn               (no ring)
MPRegen 0.08/turn               (no ring)

@: mighty, lethally poisoned (-3 -> -8)
A: horns 2, retaliatory headbutt
a: no special abilities


You were on level 3 of the Dungeon.
You visited 1 branch of the dungeon, and saw 3 of its levels.

You collected 73 gold pieces.

Inventory:

Hand Weapons
 a - a +0 flail (weapon)
Missiles
 f - 20 stones (quivered)
Armour
 b - a +0 scale mail (worn)
 c - a +0 buckler (worn)
Scrolls
 g - a scroll of enchant armour {unknown}
 h - a scroll of silence {unknown}
 i - 2 scrolls of immolation {unknown}
 j - a scroll of identify {unknown}
Potions
 e - a potion of lignification {unknown}
 k - a potion of curing {unknown}
 l - a potion of mutation {unknown}


   Skills:
 + Level 4.3 Fighting
 * Level 4.1 Maces & Flails
 * Level 1.4 Throwing
 - Level 3.6 Armour
 - Level 3.6 Shields


You had 3 spell levels left.
You didn't know any spells.
Your spell library was empty.

Dungeon Overview and Level Annotations

Branches:
Dungeon (3/15)

Altars:

Annotations:
D:3 Sigmund


Innate Abilities, Weirdness & Mutations

You have a pair of horns on your head.
You reflexively headbutt those who attack you in melee.


Message History

Level annotation: Sigmund
There is a stone staircase leading up here.
You feel very mighty all of a sudden. Sigmund gestures at you while chanting.
You resist with some effort. Sigmund barely misses you.
You closely miss Sigmund. Your headbutt misses Sigmund.
Sigmund's eyes start glowing with a red light.
Sigmund gestures wildly while chanting.
Sigmund flickers and vanishes!
Deactivating autopickup; reactivate with Ctrl-A.
You barely miss something.
You hear some strange, mumbled words.
A puff of flame appears from out of thin air!
The puff of flame misses you.
You hit something.
You hear some strange, mumbled words.
A puff of flame appears from out of thin air!
The puff of flame hits you!
You hit something. Your headbutt misses something. Something hits you!
You barely miss something. Something hits you.
You closely miss something. Something hits you!
You are poisoned.
You barely miss something.
You feel very sick. Something hits you but does no damage.
You are lethally poisoned!
You closely miss something.
* * * LOW HITPOINT WARNING * * *
You feel very sick.
* * * LOW HITPOINT WARNING * * *
You feel very sick. Something hits you.
* * * LOW HITPOINT WARNING * * *
* * * LOW HITPOINT WARNING * * *
You feel sick.
There is a stone staircase leading up here.
* * * LOW HITPOINT WARNING * * *
You feel sick. Something hits you.
You die...

###########
<........###
....#.....
#..#.#.# #......
#.###.)..# .#.
#.....{.@#.....
#..............#
#.#..#..###..###
## #..# .# #..#
.# ...# # .####
.. .


There were no monsters in sight!

Vanquished Creatures
  4 adders (D:2)
  A worm (D:2)
  A dart slug (D:1)
  2 endoplasms (D:2)
  A giant cockroach (D:1)
  A goblin (D:1)
  5 hobgoblins
  A quokka (D:1)
  3 ball pythons
  A bat (D:1)
  3 frilled lizards (D:1)
  2 kobolds (D:1)
  4 rats
29 creatures vanquished.

Notes
Turn   | Place    | Note
-------+----------+-------------------------------------------
     0 | D:1      | Godmorgon the Minotaur Fighter began the quest for the Orb.
     0 | D:1      | Reached XP level 1. HP: 19/19 MP: 0/0
   415 | D:1      | Reached XP level 2. HP: 27/27 MP: 1/1
  1217 | D:2      | Reached XP level 3. HP: 33/33 MP: 2/2
  1402 | D:2      | Reached skill level 1 in Throwing
  2070 | D:2      | Reached XP level 4. HP: 40/40 MP: 3/3
  2257 | D:3      | Noticed Sigmund
  2320 | D:3      | HP: 2/40 [poisoned by Sigmund]
  2320 | D:3      | Slain by Sigmund

Illustrated notes

Levels and vault maps discovered:
D:1:      co_arrival_square_in_a_square_in_a_square, layout_loops_corners,
          chequers_serial_rivers_large_b, chequers_serial_rivers_small_a
D:2:      layout_basic, minmay_pentomino_u2
D:3:      layout_loops_cross, ebering_ecumenical_altar_ruins,
          kennysheep_cross_room, uniq_sigmund, uniq_robin, uniq_jessica

Skill      XL: |  1  2  3 |
---------------+----------+-----
Maces & Flails | 3 4 |  4.1
Fighting       | 4 |  4.3
Throwing       | 1 |  1.4
Armour         | |  3.6
Shields        | |  3.6

Action                   |  1- 3 |  4- 6 || total
-------------------------+-------+-------++-------
Melee: Flail             |    88 |     8 ||    96
       Headbutt          |    11 |       ||    11
  Use: Potion            |       |     1 ||     1
Armor: Scale mail        |    40 |     1 ||    41
Dodge: Dodged            |    34 |     2 ||    36
Block: Buckler           |    20 |       ||    20
